 Dungeon Crawl Stone Soup version 0.21-a0-405-gf2af9a1 (webtiles) character file.

186 Heskey the Skirmisher (level 5, 0/34 HPs)
             Began as a Gargoyle Fighter on Nov 1, 2017.
             Slain by Blork the orc
             ... wielding a +0 halberd
              (8 damage)
             ... on level 4 of the Dungeon.
             The game lasted 00:05:30 (2908 turns).

Heskey the Skirmisher (Gargoyle Fighter)            Turns: 2908, Time: 00:05:30

Health: 0/34       AC: 13    Str: 21    XL:     5   Next: 65%
Magic:  5/5        EV:  7    Int: 12    God:
Gold:   147        SH:  9    Dex:  9    Spells: 4/4 levels left

rFire    + . .     SeeInvis .   a - +1 flail
rCold    . . .     Gourm    .   c - +0 shield
rNeg     + . .     Faith    .   b - +0 scale mail
rPois    ∞         Spirit   .   w - +0 helmet
rElec    +         Reflect  .   (no cloak)
rCorr    .         Harm     .   j - +0 pair of gloves
MR       .....                  (no boots)
Stlth    ..........             (no amulet)
HPRegen  0.11/turn              l - ring of protection from fire
MPRegen  0.09/turn              (no ring)

@: no status effects
A: blink, clever 2, negative energy resistance 1, electricity resistance,
unbreathing, petrification resistance, rot immunity, AC +4
a: Blink


You were on level 4 of the Dungeon.
You were not hungry.

You visited 1 branch of the dungeon, and saw 4 of its levels.

You collected 147 gold pieces.

Inventory:

Hand Weapons
 a - a +1 flail (weapon)
Missiles
 r - 3 tomahawks (quivered)
Armour
 b - a +0 scale mail (worn)
 c - a +0 shield (worn)
 j - a +0 pair of gloves (worn)
 w - a +0 helmet (worn)
Jewellery
 l - a ring of protection from fire (left hand)
 v - an uncursed amulet of guardian spirit {unknown}
 x - an uncursed ring of stealth {unknown}
Wands
 i - a wand of flame (6/48)
Scrolls
 e - 4 scrolls of identify
 g - a scroll of teleportation
 k - a scroll of enchant weapon
 p - a scroll of remove curse
 u - a scroll of magic mapping
Potions
 d - a potion of might
 h - 4 potions of agility
 m - a potion of curing {unknown}
 o - 2 potions of haste {unknown}
 s - a potion of degeneration {unknown}
Comestibles
 f - 2 bread rations
 n - 2 meat rations
 q - a royal jelly
 t - a fruit


   Skills:
 * Level 4.9 Fighting
 + Level 3.1 Maces & Flails
 + Level 4.2 Armour
 + Level 4.1 Shields


You had 4 spell levels left.
You didn't know any spells.

Dungeon Overview and Level Annotations

Branches:
Dungeon (4/15)
 Temple: D:4-7

Altars:
Ashenzari
Gozag
Kikubaaqudgha
Okawaru
Trog
Yredelemnul
The Shining One

Annotations:
D:4 Blork the orc


Innate Abilities, Weirdness & Mutations

You are resistant to torment.
Your stone body is resilient. (AC +4)
You are immune to poison.
You resist negative energy. (rN+)
You are resistant to electric shocks. (rElec)
You can survive without breathing.
You are immune to petrification.
You are immune to rotting.
You can translocate small distances at will.
Your mind is very acute. (Int +4)


Message History

You block Blork the orc's attack.
You closely miss Blork the orc.
Blork the orc is lightly wounded.
You block Blork the orc's attack. Blork the orc hits you with a halberd.
You closely miss Blork the orc.
Blork the orc is lightly wounded.
Blork the orc points at you and mumbles some strange words.
The puff of frost hits you! You block Blork the orc's attack.
Your shield and scale mail prevent you from hitting Blork the orc.
Blork the orc is lightly wounded.
Blork the orc hits you with a halberd! Blork the orc barely misses you.
You closely miss Blork the orc.
Blork the orc is lightly wounded.
Blork the orc casts a spell at you. The magic dart hits you!
* * * LOW HITPOINT WARNING * * *
You hit Blork the orc.
Blork the orc is lightly wounded.
Blork the orc hits you with a halberd!
You die...

,*,,,,,,,,,,,,,,,,,,,,,,,,,,,,,,,
,*,*,****,,,,,,,,,,,,,,,,*,******
,*,*,,,,*,******,,,,,,,,,*,*
,*,****,*,* *,,,,,,,,,,,*
,*,,,,,,#,* *,,,,,,,,,,,*
,*,***,,#.##############*,,*
,*,***,.#.#............##,,******
,,>,,,,..........o..$....,,,,,,,,
****,,,,#.#.##..@#####.##,*******
#.#,**,#....#.# *,**,* *
#.#,,,,#.####.# *.#*,* *
#.#****#......# #.#*,* * # #.#
#.####### #.#*,* * ####.#
#.##....# #.#*,******* '.##.#
#.##....## #.#*,*,,,,,, #.##.#
#..'.....# #.#*,*,#****
#.##.#########.....###.#*,*.#


You could see Blork the orc.

Vanquished Creatures
  Ijyb (D:2)
  A worker ant (D:4)
  3 adders
  An adder skeleton (D:4)
  A worm (D:3)
  2 dart slugs
  2 leopard geckos (D:1)
  7 orcs (D:3)
  A ball python (D:2)
  A bat zombie (D:2)
  5 giant cockroaches
  13 goblins
  8 hobgoblins
  7 jackals
  6 kobolds
  3 quokkas (D:2)
  9 bats
  5 frilled lizards
  A leopard gecko skeleton (D:4)
  8 rats
  A rat zombie (D:2)
86 creatures vanquished.

Notes
Turn   | Place    | Note
-------+----------+-------------------------------------------
     0 | D:1      | Heskey the Gargoyle Fighter began the quest for the Orb.
     0 | D:1      | Reached XP level 1. HP: 14/14 MP: 1/1
    58 | D:1      | Reached XP level 2. HP: 18/19 MP: 2/2
   133 | D:1      | Reached XP level 3. HP: 15/24 MP: 3/3
   922 | D:2      | Reached XP level 4. HP: 25/29 MP: 4/4
   970 | D:2      | Found an opulent altar of Gozag.
  1277 | D:2      | Noticed Ijyb
  1278 | D:2      | Gained mutation: Your mind is acute. (Int +2) [potion of mutation]
  1278 | D:2      | Gained mutation: Your mind is very acute. (Int +4) [potion of mutation]
  1278 | D:2      | Gained mutation: You can translocate small distances at will. [potion of mutation]
  1301 | D:2      | Killed Ijyb
  1632 | D:2      | Found an ancient bone altar of Kikubaaqudgha.
  1750 | D:3      | Reached XP level 5. HP: 34/34 MP: 5/5
  1945 | D:3      | Found a basalt altar of Yredelemnul.
  2421 | D:3      | Found a glowing golden altar of the Shining One.
  2421 | D:3      | Found a shattered altar of Ashenzari.
  2491 | D:4      | Found a bloodstained altar of Trog.
  2802 | D:4      | Found an iron altar of Okawaru.
  2894 | D:4      | Noticed Blork the orc
  2908 | D:4      | Slain by Blork the orc

Vault maps used:
D:1:      dpeg_arrival_connections
D:2:      kennysheep_the_goblin_king, lemuel_zombie_altar_kikubaaqudgha,
          grunt_gozag_statues
D:3:      gammafunk_temple_overflow_wave, lemuel_doored_altar
D:4:      okawaru_gym_becter, bloody_trog, first_bread, uniq_blork_the_orc,
          uniq_crazy_yiuf_cottage

Skill      XL: |  1  2  3  4  5 |
---------------+----------------+-----
Fighting       | 4 |  4.9
Armour         | 4 |  4.2
Shields        | 4 |  4.1
Maces & Flails | 3 |  3.1

Action                   |  1- 3 |  4- 6 || total
-------------------------+-------+-------++-------
Melee: Flail             |   160 |   183 ||   343
  Use: Scroll            |       |     6 ||     6
       Potion            |       |     3 ||     3
  Eat: Chunk             |       |     6 ||     6
       Bread ration      |       |     1 ||     1
Armor: Scale mail        |    99 |   129 ||   228
       Skin              |       |    16 ||    16
Dodge: Dodged            |    69 |    68 ||   137
Block: Shield            |   107 |   134 ||   241

Table legend:
 A = Spawn XP
 B = Non-spawn XP
 C = Spawn XP percentage of total XP
 D = Spawn monster count
 E = Non-spawn monster count
 F = Spawn count percentage of total count
 G = Total turns spent on level
                    A         B        C        D         E        F      G
               +---------+---------+-------+---------+---------+-------+---------
         Total |       0 |     266 |   0.0 |       0 |      86 |   0.0 |  2908
               +---------+---------+-------+---------+---------+-------+---------
           D:1 |       0 |      46 |   0.0 |       0 |      25 |   0.0 |   626
           D:2 |       0 |     112 |   0.0 |       0 |      32 |   0.0 |  1078
           D:3 |       0 |      67 |   0.0 |       0 |      25 |   0.0 |   781
           D:4 |       0 |      41 |   0.0 |       0 |       4 |   0.0 |   423
               +---------+---------+-------+---------+---------+-------+---------
